 Dungeon Crawl Stone Soup version 0.15.0-27-gbdb0435 (webtiles) character file.

3338 Kashira the Thaumaturge (level 10, -2/84 HPs)
             Began as a Naga Wizard on Sept 11, 2014.
             Was a Believer of Cheibriados.
             Slain by an orc warrior
             ... wielding a +0 broad axe
              (20 damage)
             ... in a bailey.
             The game lasted 00:46:44 (8706 turns).

Kashira the Thaumaturge (Naga Wizard)               Turns: 8706, Time: 00:46:44

HP  -2/84        AC  6     Str 21      XL: 10   Next:  2%
MP   3/28        EV 17     Int 26      God: Cheibriados [**....]
Gold 316         SH  0     Dex 21      Spells:  6 memorised, 16 levels left

rFire  x . .     SeeInvis +     u - +2 scythe (slice)
rCold  + . .     Clarity  .     t - +0 leather armour
rNeg   . . .     rCorr    .     (no shield)
rPois  +         rRot     .     b - +0 hat
rElec  .         Spirit   .     y - +0 cloak
SustAb .         Warding  .     (no gloves)
rMut   .         Stasis   .     (no barding)
Gourm  +                        o - amulet of the gourmand
MR     +....                    q - +3 ring of intelligence
                                v - ring of ice

@: mighty, agile, short of breath, very slightly contaminated, repel missiles,
very slow, somewhat resistant to hostile enchantments, stealthy
A: spit poison, antennae 1, thin skeletal structure 1, see invisible, deformed
body, poison resistance, screaming 1, slowness 2, slow healing 1, AC +3
a: Spit Poison, Bend Time, Renounce Religion


You were in a bailey.
You worshipped Cheibriados.
Cheibriados was pleased with you.
You were not hungry.

You visited 2 branches of the dungeon, and saw 9 of its levels.
You also visited: Bailey.

You collected 316 gold pieces.

Inventory:

Hand weapons
 a - a +0 spear
 g - a +2 quarterstaff of chaos
 h - a +0 dagger
 i - a +2 dagger of speed
 k - a +0 short sword
 u - a +2 scythe of slicing (weapon)
Armour
 b - a +0 hat (worn)
 m - a +1 helmet
 t - a +0 leather armour (worn)
 y - a +0 cloak (worn)
Magical devices
 z - a wand of fireball (7) {unknown}
Comestibles
 d - 10 bread rations
 s - 3 meat rations
 w - 7 beef jerkies
 A - 3 fruits
 J - 2 rotting chunks of hobgoblin flesh
 K - a slice of pizza
Scrolls
 f - 4 scrolls of teleportation
 B - a scroll of remove curse
 C - a scroll of recharging
 F - a scroll of immolation
Jewellery
 e - an uncursed amulet of rage {unknown}
 j - an uncursed ring of flight {unknown}
 o - an amulet of the gourmand (around neck)
 q - a +3 ring of intelligence (right hand)
 v - a ring of ice (left hand)
 x - an uncursed ring of teleportation
 D - a cursed ring of loudness {unknown}
Potions
 r - 2 potions of restore abilities
 H - a potion of brilliance
Books
 c - a book of Minor Magic

   Spells                             Type                      Level
   *Magic Dart                        Conjuration                  1
   *Blink                             Translocation                2
   Call Imp                           Summoning                    2
   *Repel Missiles                    Charms/Air                   2
   Slow                               Hexes                        2
   *Conjure Flame                     Conjuration/Fire             3
   *Mephitic Cloud                    Conjuration/Poison/Air       3
 p - the Papyrus of the Desert
   (You acquired it on level 8 of the Dungeon)

   Spells                             Type                      Level
   *Flame Tongue                      Conjuration/Fire             1
   Throw Flame                        Conjuration/Fire             2
   Force Lance                        Conjuration                  5
   Freezing Cloud                     Conjuration/Ice/Air          6
 I - a book of Changes

   Spells                             Type                      Level
   Beastly Appendage                  Transmutation                1
   Sticks to Snakes                   Transmutation                2
   Spider Form                        Transmutation/Poison         3
   Ice Form                           Ice/Transmutation            4
   Blade Hands                        Transmutation                5


   Skills:
 + Level 3.1 Fighting
 + Level 0.8 Throwing
 + Level 2.7 Armour
 + Level 3.8 Dodging
 - Level 3.0 Stealth
 * Level 9.5 Spellcasting
 + Level 5.2 Conjurations
 + Level 0.2 Charms
   Level 1.0 Summonings
 + Level 1.5 Translocations
 + Level 1.5 Fire Magic
 + Level 2.6 Air Magic
 + Level 3.4 Poison Magic


You had 16 spell levels left.
You knew the following spells:

 Your Spells              Type           Power        Failure   Level  Hunger
a - Magic Dart            Conj           ####         1%          1    None
b - Mephitic Cloud        Conj/Pois/Air  ####....     3%          3    None
c - Conjure Flame         Conj/Fire      ##......     4%          3    None
d - Blink                 Tloc           N/A          4%          2    None
e - Repel Missiles        Chrm/Air       ###...       4%          2    None
f - Flame Tongue          Conj/Fire      ##...        1%          1    None


Dungeon Overview and Level Annotations

Branches:
Dungeon (8/15)             Temple (1/1) D:7
   Lair: D:8-11

Altars:
Ashenzari
Cheibriados
Dithmenos
Makhleb
Okawaru


Innate Abilities, Weirdness & Mutations

You cannot wear boots.
You can spit poison.
Your serpentine skin is tough (AC +3).
You have supernaturally acute eyesight.
Armour fits poorly on your strangely shaped body.
Your system is resistant to poisons.
You cover ground very slowly.
You have a pair of small antennae on your head.
You have a somewhat thin skeletal structure (Dex +2, Stealth).
You occasionally shout uncontrollably at your foes.
You heal slowly when monsters are visible.


Message History

You barely miss the orc warrior.
The orc warrior is lightly wounded.
The orc warrior closely misses you.
The orc warrior hits you with a broad axe!
* * * LOW HITPOINT WARNING * * *
Drink which item? (? for menu, Esc to quit)
You feel agile all of a sudden.
It was a potion of agility.
The orc warrior closely misses you.
You barely miss the orc warrior.
The orc warrior is lightly wounded.
The orc warrior barely misses you.
Use which ability? (? or * to list)
Press: ? - help, Shift-Dir - straight line, f/p - orc warrior
Aim: an orc warrior, wielding a broad axe and wearing a ring mail (lightly wounded)
The splash of poison misses the orc warrior.
You feel slightly more hungry. The orc warrior barely misses you.
You hit the orc warrior.
The orc warrior is heavily wounded.
The orc warrior hits you with a broad axe!!
You die...

##.......##.......##
#.........#.......#
##...(.....##.....##
#.....⌠.....#######
##.........##
#.........#
##...)...##
#..o....# ##.@)..##
##)#### ##.))..##
#..))(..#
##)...(..##
#.....(...#
##.........##
#.....⌠.....#
##.........##


8 You could see an orc warrior.

Vanquished Creatures
  An orc knight (Bailey)
  2 sky beasts (D:7)
  2 ice beasts
  Purgy (D:3)
  A phantom (D:6)
  2 black bears
  An ogre (D:7)
  4 orc warriors
  Sigmund (D:3)
  A big kobold (D:4)
  3 centaurs
  2 giant frogs
  4 scorpions
  2 goliath beetles
  A crimson imp (D:7)
  A wight (D:5)
  4 orc priests
  2 jellies
  Crazy Yiuf (D:5)
  3 hounds
  7 worker ants
  An iguana (D:6)
  6 orc wizards
  An ogre zombie (D:6)
  10 gnolls
  4 adders
  An inept item mimic (D:4)
  3 worms
  An adder skeleton (D:4)
  3 giant geckos
  An ooze (D:3)
  23 orcs
  A bat zombie (D:7)
  8 giant cockroaches
  25 hobgoblins
  18 jackals
  30 kobolds
  14 bats
  8 giant newts
  A giant spore (D:7)
  34 goblins
  A hobgoblin skeleton (D:7)
  A kobold skeleton (D:6)
  2 quokkas (D:2)
  11 rats
254 creatures vanquished.

Vanquished Creatures (others)
  An orc wizard (D:4)
  A giant spore (D:7)
  A ballistomycete (D:7)
3 creatures vanquished.

Grand Total: 257 creatures vanquished

Notes
Turn   | Place    | Note
--------------------------------------------------------------
     0 | D:1      | Kashira, the Naga Wizard, began the quest for the Orb.
     0 | D:1      | Reached XP level 1. HP: 15/15 MP: 4/4
   164 | D:1      | Reached XP level 2. HP: 22/22 MP: 3/6
   516 | D:1      | Reached XP level 3. HP: 28/28 MP: 6/8
   521 | D:1      | Learned a level 3 spell: Mephitic Cloud
   525 | D:1      | Learned a level 3 spell: Conjure Flame
   528 | D:1      | Learned a level 2 spell: Blink
   975 | D:2      | Reached skill level 4 in Spellcasting
  1276 | D:2      | Found a shattered altar of Ashenzari.
  1422 | D:2      | Reached XP level 4. HP: 36/36 MP: 7/11
  1519 | D:2      | Found a burning altar of Makhleb.
  2246 | D:3      | Noticed Purgy
  2324 | D:3      | Killed Purgy
  2324 | D:3      | Reached skill level 5 in Spellcasting
  2324 | D:3      | Reached XP level 5. HP: 42/42 MP: 0/15
  2334 | D:3      | Noticed Sigmund
  2560 | D:3      | Reached XP level 6. HP: 33/50 MP: 5/17
  2647 | D:3      | Reached skill level 1 in Air Magic
  3146 | D:3      | Killed Sigmund
  3388 | D:3      | Reached skill level 6 in Spellcasting
  3615 | D:4      | Reached skill level 1 in Armour
  3615 | D:4      | Reached XP level 7. HP: 56/56 MP: 13/20
  4301 | D:4      | Gained mutation: You possess an exceptional clarity of mind. [potion of mutation]
  4301 | D:4      | Gained mutation: You heal slowly when monsters are visible. [potion of mutation]
  4301 | D:4      | Lost mutation: You possess an exceptional clarity of mind. [potion of mutation]
  4407 | D:4      | Reached skill level 1 in Poison Magic
  4930 | D:5      | Entered Level 5 of the Dungeon
  4955 | D:5      | Reached skill level 1 in Fighting
  4955 | D:5      | Reached skill level 7 in Spellcasting
  4955 | D:5      | Reached XP level 8. HP: 62/64 MP: 8/23
  5521 | D:5      | Learned a level 2 spell: Repel Missiles
  5785 | D:5      | Noticed Crazy Yiuf
  5816 | D:5      | Gained mutation: You are robust (+10% HP). [potion of mutation]
  5816 | D:5      | Gained mutation: You occasionally shout uncontrollably at your foes. [potion of mutation]
  5817 | D:5      | Gained mutation: You have a somewhat thin skeletal structure (Dex +2, Stealth). [potion of mutation]
  5817 | D:5      | Lost mutation: You are robust (+10% HP). [potion of mutation]
  5817 | D:5      | Gained mutation: You have a pair of small antennae on your head. [potion of mutation]
  5867 | D:5      | Killed Crazy Yiuf
  6423 | D:6      | Found an iron altar of Okawaru.
  6571 | D:6      | Reached skill level 1 in Fire Magic
  6618 | D:6      | Reached skill level 8 in Spellcasting
  7083 | D:6      | Reached XP level 9. HP: 56/73 MP: 22/25
  8026 | D:7      | Reached skill level 9 in Spellcasting
  8060 | D:7      | Found a staircase to the Ecumenical Temple.
  8066 | Temple   | Entered the Ecumenical Temple
  8075 | Temple   | Became a worshipper of Cheibriados the Contemplative
  8134 | D:8      | Identified a scroll of acquirement
  8135 | D:8      | Identified the Papyrus of the Desert (You acquired it on level 8 of the Dungeon)
  8138 | D:8      | Learned a level 1 spell: Flame Tongue
  8242 | D:8      | Found a flagged portal.
  8348 | Bailey   | Entered a bailey
  8648 | Bailey   | Noticed an orc knight
  8664 | Bailey   | Noticed an orc warlord
  8665 | Bailey   | Killed an orc knight
  8665 | Bailey   | Reached skill level 5 in Conjurations
  8697 | Bailey   | Reached XP level 10. HP: 35/84 MP: 3/28
  8706 | Bailey   | Slain by an orc warrior

Action                   |  1- 3 |  4- 6 |  7- 9 | 10-12 || total
-------------------------+-------+-------+-------+-------++-------
Melee: Short sword       |     1 |     7 |       |       ||     8
       Scythe            |       |       |   227 |     3 ||   230
Throw: Tomahawk          |       |     3 |     8 |       ||    11
       Throwing net      |       |       |       |     2 ||     2
 Cast: Magic Dart        |    62 |   128 |   234 |       ||   424
       Mephitic Cloud    |       |     7 |    43 |       ||    50
       Conjure Flame     |       |       |    16 |       ||    16
       Blink             |       |       |     5 |       ||     5
       Repel Missiles    |       |       |     3 |       ||     3
       Flame Tongue      |       |       |     2 |       ||     2
 Abil: Spit Poison       |    33 |    44 |    59 |     1 ||   137
  Use: Potion            |       |     2 |     5 |     2 ||     9
       Scroll            |       |     3 |    13 |       ||    16
 Stab: Confused          |       |     1 |    13 |       ||    14
       Sleeping          |       |       |     1 |       ||     1
  Eat: Chunk             |     2 |     5 |    21 |       ||    28
       Meat ration       |       |     1 |       |       ||     1
